 Dungeon Crawl Stone Soup version 0.28.0 (webtiles) character file.

Game seed: 3361187375529278409

161 enile the Chiller (level 4, -1/36 HPs)
             Began as a Demigod Ice Elementalist on Feb 14, 2022.
             Slain by Pikel (7 damage)
             ... on level 3 of the Dungeon.
             The game lasted 00:05:23 (3081 turns).

enile the Chiller (Demigod Ice Elementalist)        Turns: 3081, Time: 00:05:24

Health: -1/36      AC:  2    Str:  9    XL:     4   Next: 97%
Magic:  9/9        EV: 16    Int: 21    God:
Gold:   58         SH:  0    Dex: 18    Spells: 3/7 levels left

rFire   x . .      SeeInvis .   m - +6 spear of Unpleasantness {vamp, Dex+4}
rCold   + . .      Faith    .   (no shield)
rNeg    . . .      Spirit   .   a - +0 robe
rPois   .          Reflect  .   (no helmet)
rElec   .          Harm     .   (no cloak)
rCorr   .          Rampage  .   (no gloves)
Will    .....                   (no boots)
Stlth   ++........              b - amulet of magic regeneration
HPRegen 0.12/turn               i - +4 ring of evasion
MPRegen 0.51/turn               e - ring of ice

@: no status effects
A: high MP 1, forlorn, divine attributes
a: no special abilities


You were on level 3 of the Dungeon.
You visited 1 branch of the dungeon, and saw 4 of its levels.

You collected 124 gold pieces.
You spent 66 gold pieces at shops.

Inventory:

Hand Weapons
 c - a +0 dagger
 h - a +0 short sword
 m - the +6 spear of Unpleasantness (weapon) {vamp, Dex+4}
   (You found it on level 3 of the Dungeon)

   It occasionally heals its wielder for a portion of the damage dealt when it
   wounds a living foe.
   Dex:       It affects your dexterity (+4).
Missiles
 n - 2 poisoned darts
Armour
 a - a +0 robe (worn)
Jewellery
 b - an amulet of magic regeneration (around neck)
 e - a ring of ice (right hand)
 i - a +4 ring of evasion (left hand)
Scrolls
 d - a scroll of identify {unknown}
 f - a scroll of teleportation {unknown}
 l - a scroll of fog {unknown}
Potions
 g - a potion of cancellation {unknown}
 j - a potion of heal wounds {unknown}
 k - 2 potions of berserk rage {unknown}
 o - 3 potions of curing


   Skills:
 - Level 2.0 Fighting
 + Level 1.7 Polearms
 - Level 1.7 Dodging
 - Level 1.7 Stealth
 - Level 2.0 Spellcasting
 - Level 5.0 Ice Magic


You had 3 spell levels left.
You knew the following spells:

 Your Spells              Type           Power      Damage    Failure   Level
a - Freeze                Ice            100%       1d11      1%          1
b - Frozen Ramparts       Ice            68%        1d8       5%          3

Your spell library contained the following spells:

 Spells                   Type           Power      Damage    Failure   Level
 Ozocubu's Armour         Ice            34%        N/A       5%          3
 Animate Skeleton         Necr           4%         N/A       14%         1
 Pain                     Necr           8%         1d4       14%         1
 Vampiric Draining        Necr           2%         2d6       41%         3
 Hailstorm                Conj/Ice       18%        3d6       45%         4


Dungeon Overview and Level Annotations

Branches:
Dungeon (4/15)
 Temple: D:4-7

Shops:
D:3 !

Annotations:
D:3 Pikel
D:4 Eustachio


Innate Abilities, Weirdness & Mutations

You have an increased reservoir of magic. (+10% MP)
You shall have no god before yourself.
Your divine heritage dramatically boosts your attributes as you level up.


Message History

Pikel is lightly wounded.
The frozen ramparts melt away.
Casting: Frozen Ramparts (dangerous; 5% risk of failure)
Confirm with . or Enter, or press ? or * to list all spells.
Casting: Frozen Ramparts (dangerous; 5% risk of failure)
Press: ? - help, Dir - look around, f - activate You feel a surge of power!
The walls around you are covered in ice.
The wall freezes Pikel.
Pikel closely misses you.
You closely miss Pikel.
Pikel is lightly wounded.
The wall freezes Pikel.
Pikel barely misses you.
You barely miss Pikel.
Pikel is moderately wounded.
The wall freezes Pikel.
Pikel says, "You'll make a fine lemure."
Pikel hits you with a +0 whip of flaming.
Pikel burns you.
You hit Pikel but do no damage.
Pikel is moderately wounded.
A lemure comes into view.
The wall freezes Pikel.
Pikel hits you with a +0 whip of flaming!
Pikel burns you.
Your frozen ramparts will break if you move.
Continue?
Okay, then.
Your frozen ramparts will break if you move.
Continue?
The frozen ramparts melt away as you move.
There is a stone staircase leading up here.
Pikel hits you with a +0 whip of flaming.
* * * LOW HITPOINT WARNING * * *
Pikel burns you.
* * * LOW HITPOINT WARNING * * *
You climb upwards.
There is a stone staircase leading down here.
Sorry, you're not good enough to have a special ability.
Sorry, you're not good enough to have a special ability.
Pikel closely misses you.
Pikel hits you with a +0 whip of flaming!
You die...

.................##
..........#.######
#####.....#..########
##.....#....##...##
####.............<...##
.##....#.#.[..........#
.##.####.#............#
....#(...#..>...K.....#
...##.####......@....##
...##># ##......#...##
).###.###.....#.#####
#..##.##.(#..##.#
##.......#...##.#
###.....#....##.#### #
#.#.....#..##....# #
#...#####..##....#
###..##............#


You could see Pikel.

Vanquished Creatures
  2 lemures (D:4)
  2 wights (D:4)
  2 adders
  An adder skeleton (D:4)
  A worm (D:2)
  3 dart slugs
  2 orcs (D:3)
  7 endoplasms
  A giant cockroach (D:1)
  5 hobgoblins
  A quokka (D:1)
  4 ball pythons (D:3)
  2 bats
  3 frilled lizards
  3 goblins
  6 kobolds
  7 rats
52 creatures vanquished.

Vanquished Creatures (others)
  2 plants (D:4)
2 creatures vanquished.

Grand Total: 54 creatures vanquished

Notes
Turn   | Place    | Note
-------+----------+-------------------------------------------
     0 | D:1      | enile the Demigod Ice Elementalist began the quest for the
                  | Orb.
     0 | D:1      | Reached XP level 1. HP: 14/14 MP: 5/5
    76 | D:1      | Reached skill level 1 in Fighting
   347 | D:1      | Reached XP level 2. HP: 23/23 MP: 4/7
  1627 | D:2      | Reached skill level 4 in Ice Magic
  1754 | D:2      | Reached XP level 3. HP: 29/29 MP: 5/8
  1801 | D:2      | Learned a level 3 spell: Frozen Ramparts
  2337 | D:3      | Identified the +6 spear of Unpleasantness {vamp, Dex+4}
  2461 | D:3      | Found Anganiar's Distillery.
  2470 | D:3      | Bought a potion of curing for 33 gold pieces
  2470 | D:3      | Bought a potion of curing for 33 gold pieces
  2696 | D:4      | Noticed Eustachio
  2770 | D:4      | Reached XP level 4. HP: 28/36 MP: 5/9
  2775 | D:4      | Reached skill level 5 in Ice Magic
  2775 | D:4      | Reached skill level 1 in Polearms
  2983 | D:4      | Noticed a phantom
  2987 | D:4      | Noticed a lemure
  2988 | D:4      | Noticed a lemure
  2989 | D:4      | Noticed Pikel
  3027 | D:4      | Killed a lemure
  3058 | D:4      | Killed a lemure
  3067 | D:4      | Noticed a lemure
  3081 | D:3      | Slain by Pikel

Illustrated notes

Levels and vault maps discovered:
D:1:      lightli_arrival_isolated_outpost, layout_loops_ring
D:2:      layout_basic
D:3:      layout_rooms, mainiacjoe_overflow_concentric_impassable, serial_shops,
          shop
D:4:      layout_rooms, serial_bayou_ford_a, wad_rectangle_vault,
          uniq_eustachio, uniq_pikel

Skill      XL: |  1  2  3  4 |
---------------+-------------+-----
Fighting       | 1 2 |  2.0
Ice Magic      | 4 5 |  5.0
Spellcasting   | 2 |  2.0
Polearms       | 1 |  1.7
Dodging        | |  1.7
Stealth        | |  1.7

Action                   |  1- 3 |  4- 6 || total
-------------------------+-------+-------++-------
Melee: Unarmed           |     7 |       ||     7
       Dagger            |    36 |       ||    36
       Punch             |     2 |       ||     2
       Spear             |    15 |    20 ||    35
 Cast: Freeze            |    54 |     2 ||    56
       Frozen Ramparts   |     2 |     5 ||     7
 Stab: Sleeping          |     5 |       ||     5
Armor: Robe              |    10 |       ||    10
Dodge: Dodged            |    57 |    13 ||    70
